Map: Crimson Court LE

Players

ohmygodism - Winner!

  • Race: Terran Terran
  • League: Platinum
  • Spawn Location: 7:00

PRAGG

  • Race: Terran Terran
  • League: Platinum
  • Spawn Location: 1:00

VOD

Have the link to the VOD?

Description

Time

  • Played on: Oct. 17, 2024, 4:13 a.m.
  • Length: 18:07
Show
View Real Time Build Order
Export as new Build Order

ohmygodism Terran - Winner!

Build Orders:  

Get SALT Encoding   

  12  0:00  SCV  
  13  0:12  SCV  
  14  0:24  SCV  
  14  0:25  Supply Depot  
  15  0:46  SCV, Refinery  
  15  0:47  Barracks  
  16  0:58  SCV  
  16  1:01  Refinery  
  17  1:10  SCV  
  18  1:22  SCV  
  19  1:40  Supply Depot  
  19  1:42  SCV  
  19  1:43  Marine  
  21  1:48  Factory  
  21  1:54  SCV  
  22  2:01  Marine  
  22  2:06  SCV  
  24  2:25  SCV  
  24  2:26  Marine  
  26  2:35  Factory Tech Lab  
  26  2:36  Starport  
  26  2:39  Armory  
  26  2:42  Supply Depot  
  26  2:52  Orbital Command  
  26  3:13  Medivac  
  28  3:26  Thor  
  34  3:30  Terran Vehicle Weapons Level 1  
  34  3:31  Marine  
  35  3:49  Medivac, Marine  
  38  4:17  Marine  
  39  4:54  Command Center  
  39  4:56  Supply Depot  
  39  5:02  Barracks Tech Lab, Supply Depot  
  39  5:12  Engineering Bay  
  39  5:14  Engineering Bay  
  39  5:18  SCV, Supply Depot, Thor  
  46  5:24  Terran Vehicle And Ship Armor Level 1, Supply Depot  
  46  5:26  Stimpack  
  46  5:28  Marine  
  47  5:30  Medivac  
  47  5:32  SCV  
  50  5:44  SCV, Terran Infantry Weapons Level 1  
  51  5:59  Marine  
  52  6:07  Barracks  
  52  6:08  Barracks  
  52  6:27  Command Center  
  52  6:34  Terran Infantry Armor Level 1  
  52  6:43  Thor  
  58  6:51  Marine  
  54  7:09  Marine  
  54  7:12  Barracks Reactor x2  
  55  7:26  Marine  
  55  7:44  Marine  
  55  7:50  SCV  
  57  8:00  Thor  
  57  8:01  Medivac  
  57  8:02  Marine  
  57  8:03  SCV, Marine x4  
  71  8:13  SCV  
  71  8:15  SCV  
  73  8:20  Marine x2  
  73  8:21  Refinery  
  73  8:22  Refinery  
  76  8:27  SCV  
  76  8:31  Medivac  
  78  8:39  SCV  
  79  8:44  SCV  
  80  8:51  SCV  
  81  8:56  SCV  
  82  9:03  SCV  
  82  9:04  Terran Infantry Weapons Level 2  
  82  9:05  Terran Infantry Armor Level 2  
  83  9:15  SCV  
  84  9:20  Terran Vehicle Weapons Level 2  
  53  10:16  SCV  
  53  10:17  SCV  
  53  10:20  Thor  
  61  10:21  Medivac  
  61  10:28  SCV  
  64  10:29  SCV  
  64  10:31  Marine x5  
  70  10:40  SCV  
  70  10:41  SCV  
  72  10:49  Marine x2  
  74  10:51  Medivac  
  74  10:52  SCV  
  74  10:56  Marine x3  
  80  11:02  Thor  
  86  11:04  SCV  
  86  11:07  Factory  
  87  11:16  SCV, Marine x5  
  93  11:26  Orbital Command  
  93  11:28  SCV  
  94  11:40  SCV  
  94  11:45  Thor  
  101  12:13  SCV  
  81  12:25  SCV  
  81  12:28  Thor  
  88  12:41  Factory Tech Lab  
  88  12:44  Marine x5  
  88  12:46  SCV  
  95  12:51  SCV  
  95  12:54  Refinery  
  95  12:58  SCV  
  96  13:02  Marine x5  
  101  13:08  Terran Vehicle Weapons Level 3  
  101  13:09  Terran Infantry Weapons Level 3  
  101  13:10  Terran Infantry Armor Level 3  
  101  13:12  Supply Depot  
  101  13:15  Supply Depot  
  101  13:16  Supply Depot  
  101  13:18  Supply Depot x2  
  101  13:27  Medivac, SCV x2, Marine x4  
  101  13:30  Factory  
  101  13:34  Marine, Thor  
  109  13:36  Thor  
  109  13:39  SCV  
  123  13:44  Marine x4  
  127  13:51  SCV  
  127  13:52  Marine, Orbital Command  
  129  14:02  Marine x3  
  131  14:03  SCV  
  131  14:04  Viking  
  131  14:15  SCV  
  116  14:32  SCV  
  117  14:39  Marine  
  117  14:40  Marine x4  
  117  14:42  Factory Tech Lab  
  117  14:43  Thor x2  
  117  14:44  SCV  
  136  14:45  SCV  
  136  14:56  SCV  
  136  14:57  SCV, Marine  
  139  15:08  SCV  
  140  15:20  SCV  
  141  15:32  SCV  
  142  15:44  SCV  
  112  15:58  Marine  
  112  15:59  Marine x4  
  112  16:02  Siege Tank x3  
  98  16:16  Marine  
  98  16:17  Marine  
  77  16:34  Siege Tank x3, Marine  
Show
View Real Time Build Order
Export as new Build Order

PRAGG Terran 

Build Orders: Liberator Opening 

Get SALT Encoding   

  12  0:00  SCV  
  13  0:13  SCV  
  14  0:19  Supply Depot  
  14  0:25  SCV  
  15  0:40  SCV  
  15  0:42  Barracks  
  16  0:46  Refinery  
  16  0:52  SCV  
  17  1:04  SCV  
  18  1:16  SCV  
  19  1:23  Refinery  
  19  1:29  SCV, Supply Depot  
  20  1:39  Reaper  
  21  1:43  Orbital Command  
  21  1:50  Supply Depot  
  21  2:02  Factory  
  22  2:08  SCV  
  21  2:18  Reaper  
  21  2:20  SCV  
  23  2:33  SCV  
  24  2:48  Hellion, Starport  
  24  2:50  Reaper  
  27  2:51  SCV  
  27  2:57  Supply Depot  
  28  3:09  Hellion  
  28  3:11  Command Center  
  30  3:21  Command Center  
  30  3:32  Factory Tech Lab  
  30  3:35  Liberator  
  30  3:36  Barracks Reactor  
  30  3:38  SCV  
  34  3:51  Barracks  
  32  4:10  Siege Tank  
  32  4:14  Marine  
  32  4:15  Marine  
  37  4:22  Bunker  
  37  4:28  SCV  
  40  4:34  Viking  
  40  4:39  Orbital Command  
  40  4:43  Barracks Tech Lab  
  40  5:00  Siege Tank  
  40  5:01  SCV  
  44  5:09  Marine x2  
  46  5:15  SCV x2  
  46  5:17  Stimpack  
  48  5:26  Viking  
  48  5:28  SCV x2  
  52  5:34  Barracks  
  52  5:41  Marine x2  
  54  5:44  Siege Tank  
  57  5:58  SCV x2  
  59  6:09  Marine x2  
  61  6:11  Starport Reactor  
  61  6:27  Marine  
  62  7:03  Barracks Tech Lab  
  62  7:04  Concussive Shells  
  62  7:08  Viking, SCV  
  62  7:26  SCV, Marine  
  62  7:27  Marine  
  62  7:28  Viking  
  62  7:49  Medivac  
  62  7:57  Refinery x2  
  62  8:06  Combat Shield  
  62  8:08  Command Center  
  62  8:12  Engineering Bay  
  62  8:13  Engineering Bay  
  62  8:14  Armory  
  62  8:20  Barracks  
  62  8:21  Barracks, Factory  
  62  8:36  Siege Tank, Marine x3, Supply Depot  
  70  8:55  SCV x2  
  70  8:57  Medivac x2, Marine  
  75  9:16  Marine x2  
  77  9:18  Barracks Reactor  
  77  9:19  Barracks Reactor  
  77  9:20  Siege Tank, Marauder x2  
  79  9:57  Marine x2  
  79  9:58  Marine  
  62  10:07  Marine x3  
  62  10:12  Marine x2  
  60  10:14  Siege Tank  
  60  10:15  Medivac x2  
  60  10:20  SCV  
  60  10:21  SCV, Orbital Command  
  70  10:25  Marine x4  
  70  10:26  Marine x2  
  75  10:28  Terran Infantry Weapons Level 1  
  75  10:29  Terran Infantry Armor Level 1  
  75  10:33  Factory Tech Lab  
  75  10:39  SCV x2  
  77  10:45  Factory  
  77  10:49  SCV  
  78  10:50  Marine x5  
  78  10:51  Marine  
  78  10:52  Marauder x2  
  78  10:53  Siege Tank, Medivac  
  93  11:07  SCV x3, Medivac  
  93  11:08  Marine  
  93  11:09  Marine x2  
  101  11:22  Supply Depot x2  
  101  11:24  Supply Depot  
  101  11:30  Factory Tech Lab  
  101  11:42  Supply Depot  
  101  11:44  Siege Tank x2, Marauder, SCV x3, Marine x5  
  101  11:45  Marine  
  101  11:46  Marauder  
  120  11:55  Supply Depot  
  120  11:56  Medivac  
  120  11:57  Supply Depot  
  120  12:00  Supply Depot  
  124  12:02  Reaper  
  114  12:11  Medivac  
  95  12:19  Marine  
  95  12:20  Marine x4  
  90  12:30  Marine x2  
  87  12:39  SCV x3  
  90  12:44  Missile Turret  
  90  12:45  Starport Reactor  
  90  12:48  Missile Turret  
  90  12:49  Starport  
  90  12:50  Marine x2  
  92  12:52  Missile Turret  
  92  12:56  Marine x2  
  92  12:58  Marine  
  95  13:01  SCV  
  95  13:03  SCV x2  
  98  13:10  Missile Turret  
  98  13:11  Missile Turret  
  98  13:13  SCV  
  98  13:14  Terran Infantry Weapons Level 2  
  98  13:17  Terran Infantry Armor Level 2  
  99  13:20  SCV x2  
  99  13:25  Marine x3  
  104  13:43  Marine x3  
  104  13:44  Marine x4  
  104  13:46  Siege Tank, Marauder  
  104  13:47  Siege Tank x2  
  104  13:48  SCV x2  
  124  13:49  SCV  
  125  14:05  Marine x3  
  125  14:06  Marine x4  
  130  14:22  Marine  
  130  14:23  Marine x3  
  125  14:31  Marine x4  
  127  14:39  Marine  
  127  14:41  Marine x3  
  127  14:43  Siege Tank x3  
  127  14:44  Medivac x2  
  144  14:47  Starport Reactor  
  144  14:49  Starport  
  144  14:55  Refinery x2  
  144  14:57  SCV x3  
  147  15:05  Marine x2  
  147  15:06  Marine x3  
  147  15:07  Marine  
  152  15:09  Marauder  
  152  15:12  Marauder  
  157  15:23  SCV x3  
  157  15:28  Starport Tech Lab  
  160  15:35  SCV, Command Center  
  147  15:56  Marine x2  
  150  15:57  Marine  
  93  17:29  Command Center  
Tags
 
Add a new tag
Caveats
  • Supply blocks, unpowered buildings, or Contaminate may cause inaccurate times.
  • Supply counts are checked every 10 seconds.